 Dungeon Crawl Stone Soup version 0.27-a0-1220-g54dba09ff7 (webtiles) character file.

Game seed: 16442929576725395008

534 Delamore the Shield-Bearer (level 7, 0/56 HPs)
             Began as a Formicid Fighter on June 7, 2021.
             Was a Believer of Okawaru.
             Engulfed by a steam dragon's steam (7 damage)
             ... on level 5 of the Dungeon.
             The game lasted 00:05:03 (4872 turns).

Delamore the Shield-Bearer (Formicid Fighter)       Turns: 4872, Time: 00:05:03

Health: 0/56       AC:  8    Str: 22    XL:     7   Next: 49%
Magic:  7/7        EV:  8    Int:  8    God:    Okawaru [**....]
Gold:   50         SH: 11    Dex: 10    Spells: 6/6 levels left

rFire    . . .     SeeInvis +   f - +2 dagger (venom)
rCold    . . .     Faith    .   c - +1 kite shield
rNeg     . . .     Spirit   .   b - +0 scale mail
rPois    .         Reflect  .   (helmet unavailable)
rElec    .         Harm     .   o - +0 cloak
rCorr    .         Rampage  .   (no gloves)
Will     .....                  (no boots)
Stlth    ..........             (no amulet)
HPRegen  0.18/turn              (no ring)
MPRegen  0.10/turn              (no ring)

@: studying Short Blades
A: permanent stasis, dig shafts and tunnels, antennae 3, four strong arms
a: Dig, Shaft Self, Renounce Religion, Heroism


You were on level 5 of the Dungeon.
You worshipped Okawaru.
Okawaru was pleased with you.
You visited 2 branches of the dungeon, and saw 6 of its levels.

You collected 152 gold pieces.
You spent 102 gold pieces at shops.

Inventory:

Hand Weapons
 a - a +0 trident
 f - a +2 dagger of venom (weapon)
Missiles
 p - a throwing net
 r - 8 boomerangs (quivered)
Armour
 b - a +0 scale mail (worn)
 c - a +1 kite shield (worn)
 o - a +0 cloak (worn)
Wands
 n - a wand of paralysis (6)
Scrolls
 k - a scroll of noise
 m - a scroll of enchant weapon
 s - a scroll of amnesia
 u - 2 scrolls of blinking
Potions
 d - a potion of might
 e - a potion of curing
 g - 2 potions of degeneration {unknown}
 h - a potion of berserk rage {unknown}
 i - a potion of haste {unknown}
 j - a potion of heal wounds {unknown}
 l - a potion of lignification {unknown}
 q - a potion of cancellation {unknown}
 t - a potion of flight {unknown}


   Skills:
 - Level 5.0 Fighting
 + Level 3.9 Short Blades
 - Level 4.8 Polearms
 - Level 3.2 Armour
 + Level 5.9 Shields


You had 6 spell levels left.
You didn't know any spells.
Your spell library contained the following spells:

 Spells                   Type           Power      Damage    Failure   Level
 Confusing Touch          Hex            0%         N/A       100%        3
 Gell's Gravitas          Tloc           0%         N/A       100%        3
 Petrify                  Tmut/Erth      0%         N/A       100%        4
 Metabolic Englaciation   Hex/Ice        0%         N/A       100%        5
 Yara's Violent Unravell  Hex/Tmut       0%         3d3       100%        5


Dungeon Overview and Level Annotations

Branches:
Dungeon (5/15)             Temple (1/1) D:4

Altars:
Okawaru
Qazlal

Shops:
D:4 ?


Innate Abilities, Weirdness & Mutations

You cannot be hasted, slowed, berserked, paralysed or teleported.
You can dig through walls and to a lower floor.
You have a pair of large antennae on your head. (SInv)
Your four strong arms can wield two-handed weapons with a shield.


Message History

The ball of steam misses you.
Aiming: Paralyse
Press: ? - help, Shift-Dir - straight line, f/p - steam dragon
Aim: a steam dragon (catching its breath, chance to affect: 46%)
The steam dragon resists with some effort.
You are engulfed in a cloud of scalding steam.
You hit the steam dragon.
The steam dragon is poisoned.
The steam dragon is lightly wounded.
You are engulfed in a cloud of scalding steam.
You block the steam dragon's attack. x2
You hit the steam dragon but do no damage.
The steam dragon looks as sick as possible!
The steam dragon is moderately wounded.
The steam dragon bites you.
The steam dragon claws you but does no damage.
You hit the steam dragon but do no damage.
The steam dragon looks as sick as possible!
The steam dragon is moderately wounded.
The steam dragon bites you!
The steam dragon claws you but does no damage.
You closely miss the steam dragon.
The steam dragon is moderately wounded.
The steam dragon bites you.
The steam dragon claws you but does no damage.
You hit the steam dragon but do no damage.
The steam dragon looks as sick as possible!
The steam dragon is moderately wounded.
The steam dragon bites you! You block the steam dragon's attack.
You hit the steam dragon but do no damage.
The steam dragon looks as sick as possible!
The steam dragon is heavily wounded.
The steam dragon breathes steam at you. The ball of steam hits you!
* * * LOW HITPOINT WARNING * * *
You are engulfed in a cloud of scalding steam.
* * * LOW HITPOINT WARNING * * *
There is a stone staircase leading up here.
You feel better.
You are engulfed in a cloud of scalding steam.
You die...

### ..##
....#
######....#
###........##
#............
#..§D§.#
##.§@§.#
#...§§.......
##..#§.......
#####.......
.......
.......
##..... #..#.


You could see a steam dragon (extremely poisoned, catching breath).

Vanquished Creatures
  Menkaure (D:4)
  A scorpion (D:4)
  Crazy Yiuf (D:2)
  An orc priest (D:3)
  2 hounds (D:4)
  An orc wizard (D:3)
  Terence (D:2)
  6 gnolls
  4 adders
  4 dart slugs
  5 orcs
  3 ball pythons
  3 bats
  4 endoplasms
  3 giant cockroaches
  10 goblins
  11 hobgoblins
  9 jackals
  2 quokkas
  5 frilled lizards
  10 kobolds
87 creatures vanquished.

Notes
Turn   | Place    | Note
-------+----------+-------------------------------------------
     0 | D:1      | Delamore the Formicid Fighter began the quest for the Orb.
     0 | D:1      | Reached XP level 1. HP: 18/18 MP: 1/1
   281 | D:1      | Reached XP level 2. HP: 22/24 MP: 2/2
   586 | D:1      | Reached XP level 3. HP: 26/30 MP: 3/3
  1160 | D:2      | Noticed Terence
  1171 | D:2      | Killed Terence
  1172 | D:2      | Reached XP level 4. HP: 16/37 MP: 4/4
  1835 | D:2      | Found a runed translucent door.
  1836 | D:2      | Noticed Crazy Yiuf
  1930 | D:2      | Found a faded altar of an unknown god.
  2075 | D:2      | Became a worshipper of Warmaster Okawaru
  2075 | D:2      | Reached * piety under Okawaru
  2236 | D:2      | Reached XP level 5. HP: 42/42 MP: 5/5
  2470 | D:2      | Killed Crazy Yiuf
  2590 | D:3      | Noticed an air elemental
  2592 | D:3      | Found a stormy altar of Qazlal.
  2593 | D:3      | Noticed a water elemental
  2593 | D:3      | Noticed a fire elemental
  2976 | D:3      | Reached XP level 6. HP: 41/49 MP: 6/6
  3698 | D:4      | Identified a scroll of acquirement
  3698 | D:4      | Acquired a manual of Short Blades
  3752 | D:4      | Found a staircase to the Ecumenical Temple.
  4211 | D:4      | Reached skill level 5 in Fighting
  4211 | D:4      | Reached skill level 1 in Short Blades
  4211 | D:4      | Reached skill level 5 in Shields
  4532 | D:4      | Found Jiqagit's Magic Scroll Shop.
  4540 | D:4      | Bought a scroll of noise for 12 gold pieces
  4540 | D:4      | Bought a scroll of enchant weapon for 90 gold pieces
  4543 | D:4      | Noticed Menkaure
  4552 | D:4      | Killed Menkaure
  4553 | D:4      | Reached XP level 7. HP: 56/56 MP: 7/7
  4579 | D:4      | Reached ** piety under Okawaru
  4847 | Temple   | Entered the Ecumenical Temple
  4861 | D:5      | Entered Level 5 of the Dungeon
  4861 | D:5      | Noticed a steam dragon
  4871 | D:5      | HP: 1/56 [steam dragon] (14)]
  4872 | D:5      | Engulfed by a steam dragon's steam

Illustrated notes

Levels and vault maps discovered:
D:1:      co_arrival_random_square_maze, layout_basic
D:2:      kennysheep_big_flooded_room, layout_basic,
          hellmonk_ecumenical_altar_leap_of_faith, minmay_pentomino_z2,
          uniq_crazy_yiuf_cottage, uniq_terence
D:3:      layout_loops_ring, nicolae_qazlal_style_of_elements, chequers_garden,
          kennysheep_generic_room_7
D:4:      layout_gridville, minmay_temple_entry_tees, serial_shops, shop,
          roderic_lattice_a, uniq_menkaure
D:5:      layout_cave_pools, grunt_temple_overflow_lords_of_destruction
Temple:   jpeg_temple_island

Skill      XL: |  1  2  3  4  5  6 |
---------------+-------------------+-----
Polearms       | 3 4 |  4.8
Fighting       | 4 5 |  5.0
Shields        | 4 5 |  5.9
Short Blades   | 3 |  3.9
Armour         | |  3.2

Action                   |  1- 3 |  4- 6 |  7- 9 || total
-------------------------+-------+-------+-------++-------
Melee: Trident           |    30 |       |       ||    30
       Dagger            |    63 |   176 |    23 ||   262
Throw: Boomerang         |       |     2 |       ||     2
Invok: Heroism           |       |     1 |       ||     1
 Abil: Dig               |       |     1 |       ||     1
Evoke: Wand              |       |     1 |     2 ||     3
  Use: Scroll            |       |     7 |     1 ||     8
       Potion            |       |     1 |     1 ||     2
 Stab: Paralysed         |       |     4 |       ||     4
Armor: Scale mail        |    25 |    69 |     9 ||   103
Dodge: Dodged            |    34 |    58 |     8 ||   100
Block: Kite shield       |    43 |    97 |    11 ||   151

Table legend: (Time is in decaauts)
 A = Elapsed time spent in this place.
 B = Non-inter-level travel time spent in this place.
 C = Inter-level travel time spent in this place.
 D = Time resting spent in this place.
 E = Time spent auto-exploring this place.
 F = Levels seen in this place.
 G = Mean time per level.
                   A        B        C        D        E       F      G
               +--------+--------+--------+--------+--------+-----+--------+
         Total |   4916 |   4711 |    205 |    910 |   3170 |   6 |  819.3 |
       Dungeon |   4914 |   4709 |    205 |    910 |   3170 |   5 |  982.8 |
        Temple |      1 |      1 |      0 |      0 |      0 |   1 |    1.0 |
               +--------+--------+--------+--------+--------+-----+--------+

Top non-repeatable levels by time:
     D:2: 1403 daAuts
     D:3: 1198 daAuts
     D:4: 1167 daAuts
     D:1: 1134 daAuts
     D:5: 10 daAuts
  Temple: 1 daAuts
